3L
TOLEDO STINGERS @ PHILADELPHIA 1776 BC
06/21/2028
 
TOP OF THE 1ST
Toledo Stingers batting - Pitching for Philadelphia 1776 BC : LHP Carlos Sánchez
Pitching: LHP Carlos Sánchez
Batting: LHB Chris West 0-0: Ball
1-0: Ball
2-0: Ground out 6-3 (Groundball, 6D)
Batting: RHB Alfredo Martínez 0-0: Foul Ball, location: 2F
0-1: Called Strike
0-2: Ball
1-2: Ground out 6-3 (Groundball, 6M)
Batting: LHB Jorge Flores 0-0: Called Strike
0-1: Ground out 3-1 (Groundball, 34)
Top of the 1st over - 0 run(s), 0 hit(s), 0 error(s), 0 left on base; Toledo 0 - Philadelphia 1776 0
BOTTOM OF THE 1ST
Philadelphia 1776 BC batting - Pitching for Toledo Stingers : RHP Jaime Venditti
Pitching: RHP Jaime Venditti
Batting: RHB Dave Morris 0-0: Ground out 1-3 (Groundball, 13)
Batting: RHB António Granados 0-0: Fly out, F9 (Line Drive, 9D)
Batting: LHB Jeff Rutherford 0-0: Ball
1-0: Ball
2-0: Ball
3-0: Called Strike
3-1: SINGLE (Groundball, 34D)
Batting: RHB John Schnatter 0-0: Foul Ball, location: 2F
0-1: Foul Ball, location: 2F
0-2: Ball
1-2: Strikes out looking
Bottom of the 1st over - 0 run(s), 1 hit(s), 0 error(s), 1 left on base; Toledo 0 - Philadelphia 1776 0
TOP OF THE 2ND
Toledo Stingers batting - Pitching for Philadelphia 1776 BC : LHP Carlos Sánchez
Batting: SHB Leonard O'Connor 0-0: Swinging Strike
0-1: Ball
1-1: Swinging Strike
1-2: Strikes out swinging
Batting: RHB Francis Kelly 0-0: Called Strike
0-1: Foul Ball, location: 2F
0-2: Foul Ball, location: 2F
0-2: Ball
1-2: Strikes out swinging
Batting: RHB Meka Knight 0-0: Called Strike
0-1: Fly out, F6 (Popup, 6S)
Top of the 2nd over - 0 run(s), 0 hit(s), 0 error(s), 0 left on base; Toledo 0 - Philadelphia 1776 0
BOTTOM OF THE 2ND
Philadelphia 1776 BC batting - Pitching for Toledo Stingers : RHP Jaime Venditti
Batting: RHB Patrizio Vanali 0-0: Called Strike
0-1: Called Strike
0-2: Ball
1-2: Strikes out looking
Batting: SHB Jesús Cabańe 0-0: Foul Ball, location: 2F
0-1: Swinging Strike
0-2: Ball
1-2: Foul Ball, location: 2F
1-2: Ball
2-2: Foul Ball, location: 2F
2-2: Fly out, F9 (Flyball, 9LM)
Batting: RHB Fernando Rivera 0-0: Called Strike
0-1: Ground out 6-3 (Groundball, 6)
Bottom of the 2nd over - 0 run(s), 0 hit(s), 0 error(s), 0 left on base; Toledo 0 - Philadelphia 1776 0
TOP OF THE 3RD
Toledo Stingers batting - Pitching for Philadelphia 1776 BC : LHP Carlos Sánchez
Batting: RHB Isaac Downey 0-0: Ball
1-0: Fly out, F8 (Flyball, 8LM)
Batting: RHB Juan Ramos 0-0: Ball
1-0: Ball
2-0: Ball
3-0: Called Strike
3-1: Foul Ball, location: 2F
3-2: Strikes out looking
Batting: LHB Locke Lamora 0-0: Called Strike
0-1: Swinging Strike
0-2: Strikes out swinging
Top of the 3rd over - 0 run(s), 0 hit(s), 0 error(s), 0 left on base; Toledo 0 - Philadelphia 1776 0
BOTTOM OF THE 3RD
Philadelphia 1776 BC batting - Pitching for Toledo Stingers : RHP Jaime Venditti
Batting: RHB Jesús Orozco 0-0: Called Strike
0-1: Ball
1-1: Ball
2-1: Called Strike
2-2: Ball
3-2: Foul Ball, location: 2F
3-2: Base on Balls
Batting: LHB Cliff Aldridge 0-0: Ball
1-0: Called Strike
1-1: Ball
2-1: Ball
3-1: SINGLE (Line Drive, 34D)
Jesús Orozco to second
Batting: RHB Dave Morris 0-0: Ball
1-0: Called Strike
1-1: Ball
2-1: Swinging Strike
2-2: Strikes out swinging
Batting: RHB António Granados 0-0: Ball
1-0: Called Strike
1-1: Foul Ball, location: 2F
1-2: Ball
2-2: Ball
3-2: Fly out, F8 (Flyball, 8RS)
Batting: LHB Jeff Rutherford 0-0: Ball
1-0: Fly out, F8 (Flyball, 78D)
Bottom of the 3rd over - 0 run(s), 1 hit(s), 0 error(s), 2 left on base; Toledo 0 - Philadelphia 1776 0
TOP OF THE 4TH
Toledo Stingers batting - Pitching for Philadelphia 1776 BC : LHP Carlos Sánchez
Batting: LHB Chris West 0-0: Foul Ball, location: 2F
0-1: Called Strike
0-2: Foul Ball, location: 2F
0-2: Fly out, F7 (Flyball, 56D)
Batting: RHB Alfredo Martínez 0-0: Called Strike
0-1: Foul Ball, location: 2F
0-2: Foul Ball, location: 2F
0-2: Ball
1-2: Fly out, F9 (Flyball, 9S)
Batting: LHB Jorge Flores 0-0: Swinging Strike
0-1: Foul Ball, location: 2F
0-2: Strikes out looking
Top of the 4th over - 0 run(s), 0 hit(s), 0 error(s), 0 left on base; Toledo 0 - Philadelphia 1776 0
BOTTOM OF THE 4TH
Philadelphia 1776 BC batting - Pitching for Toledo Stingers : RHP Jaime Venditti
Batting: RHB John Schnatter 0-0: Ball
1-0: Foul Ball, location: 2F
1-1: Ball
2-1: Ball
3-1: Foul Ball, location: 2F
3-2: Ground out 6-3 (Groundball, 6)
Batting: RHB Patrizio Vanali 0-0: Ball
1-0: Foul Ball, location: 2F
1-1: Foul Ball, location: 2F
1-2: Ball
2-2: Ground out 4-3 (Groundball, 4)
Batting: SHB Jesús Cabańe 0-0: Called Strike
0-1: Ball
1-1: Ground out 6-3 (Groundball, 56)
Bottom of the 4th over - 0 run(s), 0 hit(s), 0 error(s), 0 left on base; Toledo 0 - Philadelphia 1776 0
TOP OF THE 5TH
Toledo Stingers batting - Pitching for Philadelphia 1776 BC : LHP Carlos Sánchez
Batting: SHB Leonard O'Connor 0-0: Ball
1-0: Foul Ball, location: 2F
1-1: Fly out, F9 (Flyball, 9S)
Batting: RHB Francis Kelly 0-0: Ball
1-0: Called Strike
1-1: Swinging Strike
1-2: Strikes out swinging
Batting: RHB Meka Knight 0-0: Fly out, F7 (Flyball, 7)
Top of the 5th over - 0 run(s), 0 hit(s), 0 error(s), 0 left on base; Toledo 0 - Philadelphia 1776 0
BOTTOM OF THE 5TH
Philadelphia 1776 BC batting - Pitching for Toledo Stingers : RHP Jaime Venditti
Batting: RHB Fernando Rivera 0-0: Called Strike
0-1: Foul Ball, location: 2F
0-2: Fly out, F8 (Flyball, 78M)
Batting: RHB Jesús Orozco 0-0: Ground out 6-3 (Groundball, 6)
Batting: LHB Cliff Aldridge 0-0: Ball
1-0: Ball
2-0: Foul Ball, location: 2F
2-1: SOLO HOME RUN (Flyball, 9D), Distance : 371 ft
Batting: RHB Dave Morris 0-0: Ball
1-0: Foul Ball, location: 2F
1-1: Ball
2-1: Fly out, F7 (Flyball, 78M)
Bottom of the 5th over - 1 run(s), 1 hit(s), 0 error(s), 0 left on base; Toledo 0 - Philadelphia 1776 1
TOP OF THE 6TH
Toledo Stingers batting - Pitching for Philadelphia 1776 BC : LHP Carlos Sánchez
Batting: RHB Isaac Downey 0-0: Ball
1-0: Foul Ball, location: 2F
1-1: Fly out, F9 (Flyball, 89M)
Batting: RHB Juan Ramos 0-0: Ground out 4-3 (Groundball, 4)
Batting: LHB Locke Lamora 0-0: Ground out 3-1 (Groundball, 34)
Top of the 6th over - 0 run(s), 0 hit(s), 0 error(s), 0 left on base; Toledo 0 - Philadelphia 1776 1
BOTTOM OF THE 6TH
Philadelphia 1776 BC batting - Pitching for Toledo Stingers : RHP Jaime Venditti
Batting: RHB António Granados 0-0: Ball
1-0: Called Strike
1-1: Ball
2-1: Foul Ball, location: 2F
2-2: Ball
3-2: Ground out 1-3 (Groundball, P)
Batting: LHB Jeff Rutherford 0-0: Foul Ball, location: 2F
0-1: Ground out 4-3 (Groundball, 4)
Batting: RHB John Schnatter 0-0: Ball
1-0: Called Strike
1-1: Ball
2-1: Ball
3-1: Base on Balls
Batting: RHB Patrizio Vanali 0-0: Ball
1-0: Ground out 6-3 (Groundball, 6)
Bottom of the 6th over - 0 run(s), 0 hit(s), 0 error(s), 1 left on base; Toledo 0 - Philadelphia 1776 1
TOP OF THE 7TH
Toledo Stingers batting - Pitching for Philadelphia 1776 BC : LHP Carlos Sánchez
Batting: LHB Chris West 0-0: Ball
1-0: Ball
2-0: Called Strike
2-1: Foul Ball, location: 2F
2-2: Foul Ball, location: 2F
2-2: Ground out 6-3 (Groundball, 6D)
Batting: RHB Alfredo Martínez 0-0: Called Strike
0-1: Ground out 1-3 (Groundball, 13)
Batting: LHB Jorge Flores 0-0: Ball
1-0: Ball
2-0: Ball
3-0: Called Strike
3-1: Called Strike
3-2: SINGLE (Groundball, 6MS) (infield hit)
Batting: SHB Leonard O'Connor 0-0: Ball
1-0: Ball
2-0: Called Strike
2-1: SINGLE (Groundball, 6MD)
Jorge Flores to second
Batting: RHB Francis Kelly 0-0: Ball
1-0: Foul Ball, location: 2F
1-1: Ball
2-1: Foul Ball, location: 2F
2-2: Strikes out swinging
Top of the 7th over - 0 run(s), 2 hit(s), 0 error(s), 2 left on base; Toledo 0 - Philadelphia 1776 1
BOTTOM OF THE 7TH
Philadelphia 1776 BC batting - Pitching for Toledo Stingers : RHP Jaime Venditti
Batting: SHB Jesús Cabańe 0-0: Ball
1-0: Called Strike
1-1: SINGLE (Groundball, 34D)
Pitching: RHP Gunner Hardy
Batting: RHB Fernando Rivera 0-0: Called Strike
0-1: Sac Bunt - play at first, batter OUT! 1-3
Jesús Cabańe to second
Batting: RHB Jesús Orozco 0-0: Ball
Jesús Cabańe steals 3rd base
1-0: Called Strike
1-1: Ball
2-1: Ground out 4-3 (Groundball, 4)
Batting: LHB Cliff Aldridge 0-0: Called Strike
0-1: Fly out, F5 (Line Drive, 56)
Bottom of the 7th over - 0 run(s), 1 hit(s), 0 error(s), 1 left on base; Toledo 0 - Philadelphia 1776 1
TOP OF THE 8TH
Toledo Stingers batting - Pitching for Philadelphia 1776 BC : LHP Carlos Sánchez
Batting: RHB Meka Knight 0-0: Called Strike
0-1: Foul Ball, location: 2F
0-2: Ball
1-2: Ball
2-2: Strikes out swinging
Batting: RHB Isaac Downey 0-0: Foul Ball, location: 2F
0-1: Ball
1-1: Ball
2-1: Ball
3-1: Base on Balls
Batting: RHB Juan Ramos 0-0: Ball
1-0: Ball
2-0: Called Strike
2-1: Fly out, F8 (Line Drive, 8RD)
Runner from 1st tags up, SAFE at 2nd
Pinch Hitting: RHB Hugo Rampley 0-0: Called Strike
0-1: Ground out 4-3 (Groundball, 4)
Top of the 8th over - 0 run(s), 0 hit(s), 0 error(s), 1 left on base; Toledo 0 - Philadelphia 1776 1
BOTTOM OF THE 8TH
Philadelphia 1776 BC batting - Pitching for Toledo Stingers : RHP Gunner Hardy
Now at SS: Ken Little
Batting: RHB Dave Morris 0-0: Called Strike
0-1: Called Strike
0-2: Ball
1-2: Ball
2-2: Ball
3-2: Base on Balls
Batting: RHB António Granados 0-0: Ball
1-0: Sac Bunt - play at first, batter OUT! 5-4
Dave Morris to second
Batting: LHB Jeff Rutherford 0-0: Ball
1-0: Ball
2-0: Called Strike
2-1: Ball
3-1: Called Strike
3-2: Fly out, F8 (Flyball, 8LS)
Batting: RHB John Schnatter 0-0: Called Strike
0-1: Called Strike
0-2: Foul Ball, location: 2F
0-2: Ball
1-2: Strikes out swinging
Bottom of the 8th over - 0 run(s), 0 hit(s), 0 error(s), 1 left on base; Toledo 0 - Philadelphia 1776 1
TOP OF THE 9TH
Toledo Stingers batting - Pitching for Philadelphia 1776 BC : LHP Carlos Sánchez
Pinch Hitting: RHB Jack Burton 0-0: Ball
1-0: Called Strike
1-1: Ball
2-1: Ball
3-1: Foul Ball, location: 2F
3-2: Strikes out swinging
Pitching: RHP Carlos Ramos
Batting: RHB Alfredo Martínez 0-0: Called Strike
0-1: Fly out, F7 (Flyball, 78D)
Batting: LHB Jorge Flores 0-0: Ball
1-0: Ball
2-0: Called Strike
2-1: SINGLE (Groundball, 6MD)
Batting: SHB Leonard O'Connor 0-0: Called Strike
0-1: Fly out, F9 (Flyball, 9S)
Top of the 9th over - 0 run(s), 1 hit(s), 0 error(s), 1 left on base; Toledo 0 - Philadelphia 1776 1
Tuesday, July 25th, 2017 - OOTP Baseball 17.12 Build 75